 Dungeon Crawl Stone Soup version 0.26.1-10-gdfb7c7de75 (webtiles) character file.

Game seed: 10594087721469251171

329 Phaedo the Covert (level 6, -3/42 HPs)
             Began as an Octopode Delver on Apr 7, 2021.
             Was an Initiate of Elyvilon.
             Slain by Blork the orc
             ... wielding a +3 vampiric hand axe
              (13 damage)
             ... on level 4 of the Dungeon.
             The game lasted 00:05:49 (3601 turns).

Phaedo the Covert (Octopode Delver)                 Turns: 3601, Time: 00:05:50

Health: -3/42      AC:  1    Str: 12    XL:     6   Next: 50%
Magic:  6/6        EV: 15    Int: 14    God:    Elyvilon [......]
Gold:   290        SH:  0    Dex: 13    Spells: 5/5 levels left

rFire    . . .     SeeInvis .   a - +0 spear
rCold    . . .     Faith    .   (no shield)
rNeg     . . .     Spirit   .   (helmet restricted)
rPois    .         Reflect  .   (no amulet)
rElec    .         Harm     .   (no ring)
rCorr    .         Rampage  .   (no ring)
Will     .....                  (no ring)
Stlth    +++++.....             (no ring)
HPRegen  0.14/turn              (no ring)
MPRegen  0.10/turn              (no ring)
                                (no ring)
                                (no ring)

@: hasted, very quick
A: almost no armour, stealthy swim, amphibious, 8 rings, constrict 8, camouflage
1, gelatinous body 1
a: Renounce Religion


You were on level 4 of the Dungeon.
You worshipped Elyvilon.
Elyvilon was noncommittal.
You visited 1 branch of the dungeon, and saw 5 of its levels.

You collected 290 gold pieces.

Inventory:

Hand Weapons
 a - a +0 spear (weapon)
Missiles
 g - 5 boomerangs
 h - 88 arrows
 j - 135 stones
 l - 6 atropa-tipped darts (quivered)
 n - 46 bolts
Wands
 f - a wand of digging (3)
 r - a wand of acid (4)
Scrolls
 b - 2 scrolls of fog
 c - 2 scrolls of magic mapping
 d - 4 scrolls of fear
 e - a scroll of noise {unknown}
 i - a scroll of enchant armour {unknown}
 k - 2 scrolls of blinking {unknown}
 o - 2 scrolls of remove curse {unknown}
 p - 5 scrolls of identify {unknown}
 s - a scroll of random uselessness {unknown}
Potions
 m - 2 potions of lignification {unknown}
 q - a potion of haste
 t - a potion of curing {unknown}


   Skills:
 - Level 3.0 Fighting
 + Level 4.1 Polearms
 + Level 4.1 Dodging
 + Level 8.4 Stealth


You had 5 spell levels left.
You didn't know any spells.
Your spell library was empty.

Dungeon Overview and Level Annotations

Branches:
Dungeon (5/15)             Temple (0/1) D:4

Altars:
Elyvilon

Annotations:
D:4 Blork the orc


Innate Abilities, Weirdness & Mutations

You cannot wear most types of armour.
You are very stealthy in the water. (Stealth+)
You are amphibious.
You can wear up to eight rings at the same time.
You can use your tentacles to constrict eight enemies at once.
Your skin changes colour to match your surroundings (Stealth+).
Your rubbery body absorbs attacks. (AC +1, EV +1)


Message History

You hit Blork the orc. Your grab misses Blork the orc.
You squeeze Blork the orc.
Blork the orc is moderately wounded.
Blork the orc is no longer blind.
Blork the orc looks encouraged for a moment.
You hit Blork the orc. Your grab misses Blork the orc.
Blork the orc is heavily wounded.
Blork the orc hits you with a +3 vampiric hand axe.
Blork the orc draws strength from your wounds!
You hit Blork the orc. You grab Blork the orc.
Blork the orc is heavily wounded.
You constrict Blork the orc.
Blork the orc gestures at you while chanting.
The puff of flame hits you!
* * * LOW HITPOINT WARNING * * *
You hit Blork the orc but do no damage.
Blork the orc is severely wounded.
You constrict Blork the orc, but do no damage.
Blork the orc hits you with a +3 vampiric hand axe!
You die...

#...#.#....##
#..#.#.#...(.
#(#.#.#.#..#
#..#.>.#...#
#.#.#.#.#..#
#..#.#.#..#
#(..#(#...#
######.o@......#
#.......#####.##
#.####..# # #
###..# #. #....#
#.##.#..#######
#.
#..............
#.#
#......########
#.# ####.### #.#


You could see Blork the orc (fast).

Vanquished Creatures
  2 wights (D:4)
  A howler monkey (D:4)
  A hound (D:4)
  An iguana (D:4)
  2 worker ants (D:4)
  2 adders
  An ufetubus (D:4)
  2 oozes
  An adder skeleton (D:4)
  4 worms
  6 orcs
  A giant cockroach (D:2)
  6 goblins
  8 hobgoblins
  2 jackals (D:2)
  10 kobolds
  2 quokkas
  A ball python (D:4)
  4 bats (D:1)
  7 frilled lizards
  A jackal skeleton (D:4)
  3 rats
68 creatures vanquished.

Vanquished Creatures (others)
  5 plants (D:4)
5 creatures vanquished.

Grand Total: 73 creatures vanquished

Notes
Turn   | Place    | Note
-------+----------+-------------------------------------------
     0 | D:5      | Phaedo the Octopode Delver began the quest for the Orb.
     0 | D:5      | Reached XP level 1. HP: 16/16 MP: 1/1
    15 | D:4      | Noticed a wight
    15 | D:4      | Noticed a wight
    29 | D:4      | Noticed a worker ant
    37 | D:4      | Killed a wight
    38 | D:4      | Reached skill level 7 in Stealth
    38 | D:4      | Reached XP level 2. HP: 11/21 MP: 2/2
    38 | D:4      | Reached XP level 3. HP: 14/26 MP: 3/3
    43 | D:4      | Reached XP level 4. HP: 9/31 MP: 4/4
   335 | D:2      | Reached XP level 5. HP: 20/36 MP: 5/5
   693 | D:2      | Found a white marble altar of Elyvilon.
  2098 | D:3      | Reached skill level 8 in Stealth
  2870 | D:2      | Became a worshipper of Elyvilon the Healer
  3036 | D:4      | Reached XP level 6. HP: 20/42 MP: 6/6
  3574 | D:4      | Found a staircase to the Ecumenical Temple.
  3579 | D:4      | Noticed Blork the orc
  3601 | D:4      | Slain by Blork the orc

Illustrated notes

Levels and vault maps discovered:
D:1:      tarquinn_simple_flora_water_d, layout_rooms, grunt_decor_mini_mirrors
D:2:      layout_basic, lemuel_doored_altar, hangedman_glass_teeth
D:3:      layout_basic, minmay_misc_feat_hallway
D:4:      layout_loops_cross, minmay_temple_entry_grid, serial_bayou_crossing,
          uniq_blork_the_orc
D:5:      cheibrodos_quashed, layout_rooms, lemuel_coloured_pillars_altar,
          serial_bayou_lagoon_b, uniq_menkaure

Skill      XL: |  1  2  3  4  5  6 |
---------------+-------------------+-----
Stealth        | 7 8 |  8.4
Polearms       | 3 4 |  4.1
Dodging        | 3 4 |  4.1
Fighting       | |  3.0

Action                   |  1- 3 |  4- 6 || total
-------------------------+-------+-------++-------
Melee: Spear             |    18 |   199 ||   217
       Constrict         |     2 |    36 ||    38
       Tentacles         |     1 |    29 ||    30
Throw: Boomerang         |       |     6 ||     6
       Dart              |       |     4 ||     4
  Use: Potion            |     1 |     1 ||     2
 Stab: Sleeping          |       |    21 ||    21
       Invisible         |       |     1 ||     1
Armor: Skin              |       |     7 ||     7
Dodge: Dodged            |    14 |    65 ||    79
